 Dungeon Crawl Stone Soup version 0.25.1-4-g9407a263a5 (webtiles) character file.

Game seed: 16655265162321870734

378 DildoBatman the Conjurer (level 7, 0/46 HPs)
             Began as a Formicid Wizard on Nov 26, 2020.
             Was an Initiate of Kikubaaqudgha.
             Slain by a gnoll
             ... wielding a +0 whip
              (9 damage)
             ... on level 4 of the Dungeon.
             The game lasted 00:11:49 (4483 turns).

DildoBatman the Conjurer (Formicid Wizard)          Turns: 4483, Time: 00:11:50

Health: 0/46       AC:  3    Str: 11    XL:     7   Next: 4%
Magic:  2/11       EV: 12    Int: 20    God:    Kikubaaqudgha [......]
Gold:   196        SH:  0    Dex:  9    Spells: 5/12 levels left

rFire    . . .     SeeInvis +   a - +2 dagger (elec)
rCold    . . .     Gourm    .   (no shield)
rNeg     . . .     Faith    .   q - +0 robe
rPois    .         Spirit   .   (helmet unavailable)
rElec    .         Reflect  .   (no cloak)
rCorr    .         Harm     .   c - +0 pair of gloves
MR       .....                  (no boots)
Stlth    ++........             (no amulet)
HPRegen  0.15/turn              (no ring)
MPRegen  0.12/turn              (no ring)

@: very slightly contaminated
A: permanent stasis, dig shafts and tunnels, four strong arms, antennae 3
a: Dig, Shaft Self, Renounce Religion


You were on level 4 of the Dungeon.
You worshipped Kikubaaqudgha.
Kikubaaqudgha was noncommittal.
You were very hungry.

You visited 2 branches of the dungeon, and saw 5 of its levels.

You collected 196 gold pieces.

Inventory:

Hand Weapons
 a - a +2 dagger of electrocution (weapon)
 b - a +2 dagger of holy wrath
Missiles
 e - a throwing net (quivered)
 k - 11 arrows
 o - 19 sling bullets
 p - 132 stones
 r - 17 bolts
Armour
 c - a +0 pair of gloves (worn)
 q - a +0 robe (worn)
Wands
 u - a wand of polymorph (10)
Scrolls
 f - 2 scrolls of amnesia
 j - 2 scrolls of teleportation {unknown}
 l - a scroll of enchant armour {unknown}
 s - a scroll of enchant weapon {unknown}
 x - 2 scrolls of remove curse
 z - 2 scrolls of identify
Potions
 d - 2 potions of curing {unknown}
 g - 3 potions of heal wounds
 h - 2 potions of haste {unknown}
 m - 2 potions of berserk rage {unknown}
 n - 2 potions of might {unknown}
 t - a potion of mutation {unknown}
Comestibles
 v - 8 rations


   Skills:
 - Level 1.7 Dodging
 - Level 2.4 Stealth
 - Level 3.2 Spellcasting
 * Level 4.5 Conjurations
   Level 1.0 Summonings
   Level 0.8 Translocations
 * Level 2.2 Fire Magic
 * Level 1.7 Air Magic
 * Level 3.0 Poison Magic


You had 5 spell levels left.
You knew the following spells:

 Your Spells              Type           Power        Failure   Level  Hunger
a - Conjure Flame         Conj/Fire      ###.....     11%         3    ###....
c - Magic Dart            Conj           ###.         2%          1    None
e - Mephitic Cloud        Conj/Pois/Air  ###.....     12%         3    ###....

Your spell library contained the following spells:

 Spells                   Type           Power        Failure   Level  Hunger
 Call Imp                 Summ           #.......     14%         2    ##.....
 Slow                     Hex            #.......     22%         2    ##.....
 Blink                    Tloc           Unusable     N/A         2    N/A

Dungeon Overview and Level Annotations

Branches:
Dungeon (4/15)             Temple (1/1) D:4

Altars:
Ashenzari
Cheibriados
Dithmenos
Elyvilon
Fedhas
Gozag
Hepliaklqana
Kikubaaqudgha
Makhleb
Nemelex Xobeh
Okawaru
Qazlal
Ru
Sif Muna
Trog
Uskayaw
Vehumet
Xom
Yredelemnul
Zin
The Shining One

Annotations:
D:2 Grinder


Innate Abilities, Weirdness & Mutations

You cannot be hasted, slowed, berserked, paralysed or teleported.
You can dig through walls and to a lower floor.
Your four strong arms can wield two-handed weapons with a shield.
You have a pair of large antennae on your head. (SInv)


Message History

Things that are here:
a +0 halberd 3 chunks of flesh a gnoll skeleton Eat one of 3 chunks of flesh? (ye/n/q)
You eat one of the 3 chunks of flesh.
You are feeling very hungry.
The gnoll hits you with a +0 whip!
Casting: Mephitic Cloud (dangerous; 12% risk of failure)
Confirm with . or Enter, or press ? or * to list all spells.
Aiming: Mephitic Cloud (dangerous; 12% risk of failure)
Press: ? - help, Shift-Dir - straight line, f - gnoll
Aim: a gnoll, wielding a +0 whip That beam is likely to hit you.
Continue anyway?
You miscast Mephitic Cloud.
You are very lightly contaminated with residual magic.
Nothing appears to happen.
The gnoll hits you with a +0 whip!
You die...
Kikubaaqudgha rasps: "You have failed me!
Welcome... death!"

### ##g## ##.#.##
#.###g# ##.#.##
##.## ##g## {
##@## .. ##.## #
.. ##)# #.# #.#.
#.## ###.# #.#.
##.# #...#####.#.
#.####...(.......
#.##.............
#g#..###.....###.
##...#≈≈≈≈a≈≈≈≈#.


You could see a gnoll.

Vanquished Creatures
  An ogre (D:4)
  A scorpion (D:4)
  An iguana (D:4)
  A worker ant (D:4)
  5 gnolls
  6 adders
  2 oozes (D:1)
  4 worms
  3 leopard geckos
  2 orcs (D:3)
  7 bats
  3 giant cockroaches
  4 goblins
  7 hobgoblins
  7 jackals
  4 quokkas
  A ball python (D:3)
  6 frilled lizards
  10 kobolds
  11 rats
86 creatures vanquished.

Notes
Turn   | Place    | Note
-------+----------+-------------------------------------------
     0 | D:1      | DildoBatman the Formicid Wizard began the quest for the
                  | Orb.
     0 | D:1      | Reached XP level 1. HP: 13/13 MP: 4/4
    13 | D:1      | Reached skill level 1 in Conjurations
   283 | D:1      | Reached XP level 2. HP: 9/19 MP: 0/6
   406 | D:1      | Reached skill level 2 in Conjurations
   841 | D:1      | Reached XP level 3. HP: 24/24 MP: 5/7
  1471 | D:2      | Learned a level 3 spell: Conjure Flame
  1475 | D:2      | Learned a level 3 spell: Mephitic Cloud
  1798 | D:2      | Reached skill level 3 in Conjurations
  1841 | D:2      | Reached XP level 4. HP: 16/30 MP: 4/8
  2162 | D:2      | Found a faded altar of an unknown god.
  2944 | D:3      | Reached XP level 5. HP: 35/35 MP: 5/9
  3137 | D:3      | Reached skill level 4 in Conjurations
  3308 | D:3      | Noticed Grinder
  3338 | D:3      | Reached skill level 1 in Poison Magic
  3483 | D:3      | Reached skill level 1 in Fire Magic
  3513 | D:3      | Found an iron altar of Okawaru.
  4101 | D:4      | Noticed an ogre
  4114 | D:4      | Killed an ogre
  4114 | D:4      | Reached skill level 1 in Air Magic
  4114 | D:4      | Reached XP level 6. HP: 41/41 MP: 1/10
  4214 | D:4      | Found a staircase to the Ecumenical Temple.
  4222 | Temple   | Entered the Ecumenical Temple
  4365 | Temple   | Became a worshipper of Kikubaaqudgha
  4440 | D:4      | Reached XP level 7. HP: 32/46 MP: 2/11
  4483 | D:4      | Slain by a gnoll

Illustrated notes

Levels and vault maps discovered:
D:1:      tarquinn_simple_flora_water_f, layout_basic
D:2:      layout_basic, chequers_ecumenical_altar_simple
D:3:      layout_basic, kennysheep_minor_cross, okawaru_altar_gauntlet_db,
          uniq_grinder
D:4:      layout_loops_ring, lemuel_coloured_pillars_altar,
          minmay_temple_entry_water_ring, first_ration
Temple:   kilobyte_greek_temple

Skill      XL: |  1  2  3  4  5  6 |
---------------+-------------------+-----
Conjurations   | 1 2 3 4 |  4.5
Poison Magic   | 2 3 |  3.0
Fire Magic     | 1 2 |  2.2
Air Magic      | 1 |  1.7
Dodging        | |  1.7
Stealth        | |  2.4
Spellcasting   | |  3.2
Summonings     | |  1.0
Translocations | |  0.8

Action                   |  1- 3 |  4- 6 |  7- 9 || total
-------------------------+-------+-------+-------++-------
Melee: Short sword       |    19 |    22 |       ||    41
       Dagger            |       |    37 |     2 ||    39
       Rapier            |       |     5 |       ||     5
 Cast: Magic Dart        |    90 |   124 |       ||   214
       Mephitic Cloud    |       |     5 |     1 ||     6
       Conjure Flame     |       |     1 |       ||     1
 Abil: Dig               |     5 |    11 |     2 ||    18
  Use: Scroll            |       |     4 |       ||     4
 Stab: Confused          |       |       |     1 ||     1
  Eat: Chunk             |     3 |     9 |     1 ||    13
Armor: Robe              |     4 |    16 |       ||    20
Dodge: Dodged            |    28 |    83 |       ||   111
